 Dungeon Sprint DCSS version 0.26-a0-962-g9b92081034 (webtiles) character file.

Game seed: 2213645636244476863

25 Kobol5 the Vexing (level 2, -1/13 HPs)
             Began as a Felid Enchanter on Dec 2, 2020.
             Was an Initiate of Dithmenos.
             Slain by a phantom (5 damage)
             ... in the Dungeon (Sprint IX: "|||||||||||||||||||||||||||||").
             The game lasted 00:01:41 (440 turns).

Kobol5 the Vexing (Felid Enchanter)                  Turns: 440, Time: 00:01:42

Health: -1/13      AC:  1    Str:  7    XL:     2   Next: 86%
Magic:  6/6        EV: 19    Int: 19    God:    Dithmenos [......]
Gold:   0          SH:  0    Dex: 16    Spells: 2/5 levels left
                                        Lives:  0   Deaths: 0

rFire    . . .     SeeInvis +     - Unarmed
rCold    . . .     Faith    .   (shield unavailable)
rNeg     . . .     Spirit   .   (armour unavailable)
rPois    .         Reflect  .   (helmet unavailable)
rElec    .         Harm     .   (cloak unavailable)
rCorr    .         Rampage  .   (gloves unavailable)
MR       .....     NoTele   +   (boots unavailable)
Stlth    ++++......             (no amulet)
HPRegen  0.04/turn              j - +3 ring of strength
MPRegen  0.10/turn              k - +3 ring of intelligence

@: very slightly contaminated, invisible, quick
A: very small, no armour, no weapons or thrown items, stealth, claws 1, fangs 3,
see invisible, speed 1, shaggy fur 1, sharp paws
a: Renounce Religion


You were in the Dungeon.
You worshipped Dithmenos.
Dithmenos was noncommittal.
You visited 1 branch

Inventory:

Jewellery
 j - a +3 ring of strength (left paw)
 k - a +3 ring of intelligence (right paw)
Wands
 i - a wand of iceblast (10)
Scrolls
 f - 3 scrolls of remove curse
 g - 2 scrolls of blinking
 h - 2 scrolls of amnesia
Potions
 b - 5 potions of curing
 c - 3 potions of heal wounds
 d - a potion of haste
 e - 4 potions of magic


   Skills:
 * Level 2.5 Fighting
 + Level 3.5 Dodging
 + Level 5.7 Stealth
 + Level 1.9 Unarmed Combat
 + Level 2.0 Spellcasting
 + Level 6.4 Hexes


You had 2 spell levels left.
You knew the following spells:

 Your Spells              Type           Power        Failure   Level
a - Corona                Hex            ####...      1%          1
b - Ensorcelled Hibernat  Hex/Ice        ##....       7%          2

Your spell library contained the following spells:

 Spells                   Type           Power        Failure   Level
 Confusing Touch          Hex            ####....     3%          3
 Tukima's Dance           Hex            ####....     3%          3
 Dazzling Flash           Conj/Hex       ##....       14%         3


Dungeon Overview and Level Annotations

Branches:
Dungeon (1/1)

Altars:
Cheibriados
Dithmenos
Elyvilon
Fedhas
Gozag
Hepliaklqana
Kikubaaqudgha
Makhleb
Nemelex Xobeh
Okawaru
Qazlal
Ru
Sif Muna
Trog
Uskayaw
Vehumet
Wu Jian
Xom
Yredelemnul
Zin
The Shining One
Beogh
Jiyva
Lugonu


Innate Abilities, Weirdness & Mutations

You cannot wear armour.
You are incapable of wielding weapons or throwing items.
Your paws allow you to move quietly. (Stealth)
You have sharp claws.
You have razor-sharp teeth.
You have supernaturally acute eyesight. (SInv)
You cover ground quickly.
You are covered in fur. (AC +1)
Your sharp claws are effective at attacking unaware monsters.


Message History

Okay, then.
Okay, then.
You open the door.
A bullfrog, a worker ant, a scorpion, a big kobold, an ogre and a phantom come into view.
There is an open door to the Dungeon here.
The helpless phantom fails to defend itself.
You claw the phantom! You bite the phantom.
The phantom is moderately damaged.
The phantom hits you!
Ouch! That really hurt!
Evoke which item? (* to show all) (? for menu, Esc to quit)
Okay, then.
You fade into invisibility!
The bullfrog releases a deep croak.
The phantom closely misses you.
You are very lightly contaminated with residual magic.
You closely miss the phantom.
The phantom is moderately damaged.
The phantom hits you.
You die... ▓▓▓▓▓▓▓▓▓▓▓▓▓▓▓▓▓▓▓▓▓▓▓▓ ______'..).[[[..@WBKsFO+ ▓▓▓▓▓▓▓▓▓▓▓▓▓▓▓▓▓▓▓▓▓▓▓▓

You could see a phantom, a big kobold (asleep), an ogre, a bullfrog, a scorpion (asleep) and a worker ant (wandering).

Vanquished Creatures
  An adder (D)
  An ufetubus (D)
  A dart slug (D)
  An orc (D)
  A ball python (D)
  2 goblins (D)
  A kobold (D)
  A leopard gecko skeleton (D)
  A rat (D)
10 creatures vanquished.

Notes
Turn   | Place    | Note
-------+----------+-------------------------------------------
     0 | D        | Kobol5 the Felid Enchanter began the quest for the Orb.
     0 | D        | Reached XP level 1. HP: 7/7 MP: 4/4
    11 | D        | Reached skill level 1 in Fighting
    11 | D        | Reached skill level 5 in Hexes
   302 | D        | Reached skill level 5 in Stealth
   302 | D        | Reached XP level 2. HP: 12/12 MP: 6/6
   308 | D        | Reached skill level 6 in Hexes
   351 | D        | Learned a level 2 spell: Ensorcelled Hibernation
   355 | D        | Found a roughly hewn altar of Beogh.
   355 | D        | Found a snail-covered altar of Cheibriados.
   355 | D        | Found a shadowy altar of Dithmenos.
   355 | D        | Found a white marble altar of Elyvilon.
   355 | D        | Found a blossoming altar of Fedhas.
   355 | D        | Found an opulent altar of Gozag.
   356 | D        | Found a hazy altar of Hepliaklqana.
   357 | D        | Found a viscous altar of Jiyva.
   358 | D        | Found an ancient bone altar of Kikubaaqudgha.
   359 | D        | Found a corrupted altar of Lugonu.
   360 | D        | Found a burning altar of Makhleb.
   361 | D        | Found a sparkling altar of Nemelex Xobeh.
   362 | D        | Found an iron altar of Okawaru.
   363 | D        | Found a stormy altar of Qazlal.
   364 | D        | Found a sacrificial altar of Ru.
   365 | D        | Found a shimmering blue altar of Sif Muna.
   366 | D        | Found a bloodstained altar of Trog.
   367 | D        | Found a hide-covered altar of Uskayaw.
   368 | D        | Found a radiant altar of Vehumet.
   369 | D        | Found an ornate altar of the Wu Jian Council.
   370 | D        | Found a shimmering altar of Xom.
   371 | D        | Found a basalt altar of Yredelemnul.
   372 | D        | Found a glowing silver altar of Zin.
   373 | D        | Found a glowing golden altar of the Shining One.
   396 | D        | Became a worshipper of Dithmenos the Shadowed
   436 | D        | Noticed a phantom
   436 | D        | Noticed a big kobold
   436 | D        | Noticed a scorpion
   436 | D        | Noticed a bullfrog
   436 | D        | Noticed an ogre
   440 | D        | Slain by a phantom

Illustrated notes

Levels and vault maps discovered:
D:        linesprint [early_d, line_temple, items_1, d_10, items_2, lair_1,
          lair_end, items_3, orc_1, orc_end, items_4, d_15, swamp_1, shoals_1,
          snake_1, spider_1, d_20, vaults_1, items_5, swamp_end, shoals_end,
          snake_end, spider_end, vaults_end, d_27, items_6, zot_1, zot_end,
          crypt_end, forest_end, elf_end, slime_end, tomb_end, abyss_end,
          pan_hell_end]

Skill      XL: |  1  2 |
---------------+-------+-----
Fighting       | 1 2 |  2.5
Hexes          | 5 6 |  6.4
Dodging        | 3 |  3.5
Stealth        | 5 |  5.7
Unarmed Combat | |  1.9
Spellcasting   | |  2.0

Action                   || total
-------------------------++-------
Melee: Unarmed           ||    39
       Bite              ||     5
       Punch             ||     2
  Use: Potion            ||     2
 Stab: Sleeping          ||     1
Dodge: Dodged            ||    24

Table legend: (Time is in decaauts)
 A = Elapsed time spent in this place.
 B = Non-inter-level travel time spent in this place.
 C = Inter-level travel time spent in this place.
 D = Time resting spent in this place.
 E = Time spent auto-exploring this place.
 F = Levels seen in this place.
 G = Mean time per level.
                   A        B        C        D        E       F      G
               +--------+--------+--------+--------+--------+-----+--------+
         Total |    426 |    426 |      0 |    306 |      3 |   1 |  426.0 |
       Dungeon |    426 |    426 |      0 |    306 |      3 |   1 |  426.0 |
               +--------+--------+--------+--------+--------+-----+--------+

Top non-repeatable levels by time:
       D: 426 daAuts
